 Dungeon Crawl Stone Soup version 0.28-a0-1159-g27aa881441 (webtiles) character file.

Game seed: 9531221694219444472

44 SensoryNuts the Skirmisher (level 3, 0/29 HPs)
             Began as a Demonspawn Fighter on Dec 15, 2021.
             Slain by a quokka (2 damage)
             ... on level 1 of the Dungeon.
             The game lasted 00:01:06 (1031 turns).

SensoryNuts the Skirmisher (Demonspawn Fighter)     Turns: 1031, Time: 00:01:07

Health: 0/29       AC:  6    Str: 18    XL:     3   Next: 39%
Magic:  3/3        EV:  9    Int:  9    God:
Gold:   12         SH:  4    Dex: 12    Spells: 2/2 levels left

rFire   . . .      SeeInvis .   a - +0 trident
rCold   . . .      Faith    .   c - +0 buckler
rNeg    . . .      Spirit   .   b - +0 scale mail
rPois   .          Reflect  .   (no helmet)
rElec   .          Harm     .   i - scarf {shadows}
rCorr   .          Rampage  .   (no gloves)
Will    .....                   (no boots)
Stlth   ..........              (no amulet)
HPRegen 0.09/turn               (no ring)
MPRegen 0.08/turn               (no ring)

@: mighty
A: demonic guardian 2
a: no special abilities


You were on level 1 of the Dungeon.
You visited 1 branch of the dungeon, and saw 2 of its levels.

You collected 12 gold pieces.

Inventory:

Hand Weapons
 a - a +0 trident (weapon)
Armour
 b - a +0 scale mail (worn)
 c - a +0 buckler (worn)
 i - a scarf of shadows (worn)
Scrolls
 f - a scroll of holy word {unknown}
 g - 2 scrolls of teleportation {unknown}
 j - a scroll of magic mapping {unknown}
Potions
 e - 2 potions of flight {unknown}
 h - a potion of heal wounds {unknown}


   Skills:
 + Level 3.3 Fighting
 + Level 2.6 Polearms
 + Level 3.0 Armour
 + Level 3.0 Shields


You had 2 spell levels left.
You didn't know any spells.
Your spell library was empty.

Dungeon Overview and Level Annotations

Branches:
Dungeon (2/15)

Altars:


Innate Abilities, Weirdness & Mutations

A demonic guardian rushes to your aid.


Message History

The gnoll is lightly wounded.
The quokka bites you. The gnoll hits you but does no damage.
The gnoll hits your rust devil but does no damage.
The gnoll barely misses you.
Your rust devil barely misses the gnoll.
The quokka closely misses you. You block the gnoll's attack.
The gnoll hits your rust devil with a +0 whip.
The gnoll hits you with a +0 flail.
The gnoll hits you from afar with a +0 spear.
Your rust devil closely misses the gnoll.
The quokka bites you but does no damage.
You climb upwards.
Your summoned ally is left behind.
There is a stone staircase leading down here.
You puncture the gnoll!
The gnoll is severely wounded.
The gnoll closely misses you. x2
The quokka bites you but does no damage.
You hit the gnoll.
You kill the gnoll!
The gnoll hits you with a +0 club. The quokka bites you.
The gnoll hits you with a +0 club.
* * * LOW HITPOINT WARNING * * *
The quokka bites you but does no damage.
Unknown command.
You hit the gnoll but do no damage.
The quokka bites you but does no damage.
You block the gnoll's attack.
You hit the gnoll.
The gnoll is moderately wounded.
The quokka bites you.
* * * LOW HITPOINT WARNING * * *
The gnoll hits you with a +0 club.
* * * LOW HITPOINT WARNING * * *
The quokka barely misses you.
You feel very mighty all of a sudden. The gnoll hits you but does no damage.
You block the quokka's attack.
You closely miss the gnoll.
The gnoll is moderately wounded.
The gnoll barely misses you. The quokka bites you.
You die...

#####.##.# #.# #.#
#.'''''.....
......##.# #.#
#.####.'''''.####
########.# #.#
#...##.''_''.# #.#
#.# ###.##.'''''.#
#.# #.#
##...#.'''''####
###.#
#.###..............#
#...#
#...........######.#
#.### ###.........#
#.# #.# #)@r......#
#.# #.# #g........#
#.# #.# ####...####
#.# #.# #...# #.#
#.# #.).# #.# #.#
###.#########.## #.#
#.#....(...... #.#
#.#.##########
#.###### #.#.# #...#


You could see a gnoll and a quokka.

Vanquished Creatures
  A gnoll (D:1)
  2 dart slugs (D:1)
  6 endoplasms (D:1)
  A goblin (D:1)
  2 hobgoblins (D:1)
  3 jackals (D:1)
  5 kobolds (D:1)
  A quokka (D:1)
  3 ball pythons (D:1)
  A bat (D:1)
  3 rats (D:1)
28 creatures vanquished.

Notes
Turn   | Place    | Note
-------+----------+-------------------------------------------
     0 | D:1      | SensoryNuts the Demonspawn Fighter began the quest for the
                  | Orb.
     0 | D:1      | Reached XP level 1. HP: 18/18 MP: 1/1
   338 | D:1      | Gained mutation: A weak demonic guardian rushes to your
                  | aid. [demonic ancestry]
   338 | D:1      | Reached XP level 2. HP: 24/24 MP: 2/2
   469 | D:1      | Found a faded altar of an unknown god.
   668 | D:1      | Gained mutation: A demonic guardian rushes to your aid.
                  | [demonic ancestry]
   668 | D:1      | Reached XP level 3. HP: 28/29 MP: 3/3
  1031 | D:1      | Slain by a quokka

Illustrated notes

Levels and vault maps discovered:
D:1:      dpeg_arrival_rooms_with_view, layout_loops_ring,
          hellmonk_ecumenical_altar_heavens_door, amcnicky_mini_corridor_feature
D:2:      layout_rooms, uniq_crazy_yiuf_cottage, uniq_robin, uniq_jessica

Skill      XL: |  1  2 |
---------------+-------+-----
Polearms       | 2 |  2.6
Armour         | 3 |  3.0
Shields        | 3 |  3.0
Fighting       | |  3.3

Action                   || total
-------------------------++-------
Melee: Trident           ||    74
  Use: Potion            ||     1
Armor: Scale mail        ||    28
Dodge: Dodged            ||    29
Block: Buckler           ||    10

Table legend: (Time is in decaauts)
 A = Elapsed time spent in this place.
 B = Non-inter-level travel time spent in this place.
 C = Inter-level travel time spent in this place.
 D = Time resting spent in this place.
 E = Time spent auto-exploring this place.
 F = Levels seen in this place.
 G = Mean time per level.
                   A        B        C        D        E       F      G
               +--------+--------+--------+--------+--------+-----+--------+
         Total |   1047 |   1033 |     14 |      0 |    861 |   2 |  523.5 |
       Dungeon |   1047 |   1033 |     14 |      0 |    861 |   2 |  523.5 |
               +--------+--------+--------+--------+--------+-----+--------+

Top non-repeatable levels by time:
     D:1: 1043 daAuts
     D:2: 4 daAuts
